 Dungeon Crawl Stone Soup version 0.28-a0-1629-gf728b707aa (webtiles) character file.

Game seed: 844108766607700775

88 HallandMoats the Vandal (level 4, 0/21 (37) HPs)
             Began as a Ghoul Hunter on Jan 24, 2022.
             Was a Follower of Makhleb.
             Slain by Crazy Yiuf (1 damage)
             ... on level 2 of the Dungeon.
             The game lasted 00:02:29 (1497 turns).

HallandMoats the Vandal (Ghoul Hunter)              Turns: 1497, Time: 00:02:30

HP:   0/21 (37)     AC:  6    Str: 15    XL:     4   Next: 54%
MP:   2/4           EV: 17    Int:  6    God:    Makhleb [*.....]
Gold: 94            SH:  0    Dex: 11    Spells: 3/3 levels left

rFire   x . .      SeeInvis .   b - +1 dagger (venom)
rCold   + + +      Faith    .   (no shield)
rNeg    + + +      Spirit   .   c - +0 leather armour
rPois   ∞          Reflect  .   n - +2 helmet of Resonance {+Inv rF- rC+}
rElec   .          Harm     .   (no cloak)
rCorr   .          Rampage  .   (no gloves)
Will    .....                   (no boots)
Stlth   +.........              (no amulet)
HPRegen 0.00/turn               e - ring of protection from cold
MPRegen 0.09/turn               (no ring)

@: agile, very slightly contaminated, inhibited regen, very heavily drained,
invisible
A: claws 1, cold resistance 1, negative energy resistance 3, inhibited
regeneration, torment resistance 2
a: Renounce Religion, Evoke Invisibility


You were on level 2 of the Dungeon.
You worshipped Makhleb.
Makhleb was aware of your devotion.
You visited 1 branch of the dungeon, and saw 3 of its levels.

You collected 94 gold pieces.

Inventory:

Hand Weapons
 a - a +1 hunting sling
 b - a +1 dagger of venom (weapon)
Missiles
 d - 4 sling bullets
 g - a throwing net (quivered)
 h - 72 stones
Armour
 c - a +0 leather armour (worn)
 n - the +2 helmet of Resonance (worn) {+Inv rF- rC+}
   (You found it on level 2 of the Dungeon)

   rF:        It makes you vulnerable to fire.
   rC:        It protects you from cold.
   +Inv:      It lets you turn invisible.
Jewellery
 e - a ring of protection from cold (left claw)
Scrolls
 f - a scroll of magic mapping {unknown}
 j - a scroll of brand weapon {unknown}
 k - a scroll of identify {unknown}
 l - a scroll of teleportation
Potions
 i - a potion of might {unknown}
 m - 2 potions of curing {unknown}
 o - a potion of brilliance {unknown}


   Skills:
 + Level 2.8 Fighting
 * Level 4.2 Slings
 + Level 1.1 Armour
 + Level 2.3 Dodging
 - Level 1.1 Stealth
 * Level 1.5 Invocations


You had 3 spell levels left.
You didn't know any spells.
Your spell library contained the following spells:

 Spells                   Type           Power      Damage    Failure   Level
 Ensorcelled Hibernation  Hex/Ice        0%         N/A       67%         2
 Tukima's Dance           Hex            0%         N/A       88%         3
 Leda's Liquefaction      Hex/Erth       0%         N/A       99%         4
 Fireball                 Conj/Fire      0%         3d3       100%        5


Dungeon Overview and Level Annotations

Branches:
Dungeon (3/15)

Altars:
Makhleb

Annotations:
D:2 Crazy Yiuf


Innate Abilities, Weirdness & Mutations

You thrive by killing the living.
You are immune to poison.
You have sharp fingernails.
Your flesh is cold resistant. (rC+)
You are immune to negative energy. (rN+++)
You do not regenerate when monsters are visible.
You are immune to unholy pain and torment.


Message History

No target in view!
You see here a +0 hunting sling.
You now have 94 gold pieces (gained 15).
You see here a +0 club.
Key pressed, stopping explore.
No target in view!
Found a mace.
Found a runed translucent door.
No target in view!
No reachable target in view!
No reachable target in view!
No reachable target in view!
No reachable target in view!
Search for what [Enter for "altar", or ? for help]? sling
Okay, then.
Okay, then.
You feel drained.
You fail to use your ability.
Crazy Yiuf shouts!
You feel drained.
You fail to use your ability.
You feel drained.
You fail to use your ability.
You feel drained.
You fade into invisibility!
You are very lightly contaminated with residual magic.
Your +1 dagger of venom begins to drip with poison!
b - a +1 dagger of venom (weapon)
You open the door.
Crazy Yiuf screams, "Fluff!"
You completely miss Crazy Yiuf.
Crazy Yiuf hits you with a +3 quarterstaff of chaos!
Crazy Yiuf burns you.
You barely miss Crazy Yiuf.
Crazy Yiuf hits you with a +3 quarterstaff of chaos!
* * * LOW HITPOINT WARNING * * *
You feel agile all of a sudden.
You hit Crazy Yiuf.
Crazy Yiuf is poisoned.
Crazy Yiuf is moderately wounded.
Crazy Yiuf misses you.
You hit Crazy Yiuf but do no damage.
Crazy Yiuf is moderately wounded.
Crazy Yiuf hits you with a +3 quarterstaff of chaos.
You die...

##....#
#..........##^...#.#
......##
#..........##..###.#
###....#
#....#####..#..# #.#
.......# ######
####..# #.. #.)....#
##).# ### ###....#
#######...# ###....#
### ###.#.......#
.......#
#...##..#........#
### .......#
#...g@####.....>.#
#.. .....[.# #)..###
##......# #..
.....### ###
#####..# #.. >....#
#..###.. ######
#....... #.####..
#.).#<..
#########.#...
#.........#...


You could see Crazy Yiuf (very poisoned).

Vanquished Creatures
  4 gnolls
  A worm (D:2)
  4 dart slugs
  3 ball pythons
  3 endoplasms
  4 giant cockroaches (D:1)
  3 goblins (D:1)
  3 hobgoblins
  3 kobolds
  A quokka (D:2)
  3 bats
  4 frilled lizards
  3 rats
39 creatures vanquished.

Notes
Turn   | Place    | Note
-------+----------+-------------------------------------------
     0 | D:1      | HallandMoats the Ghoul Hunter began the quest for the Orb.
     0 | D:1      | Reached XP level 1. HP: 17/17 MP: 0/0
    26 | D:1      | Reached XP level 2. HP: 25/25 MP: 1/1
   151 | D:1      | You fall into a shaft and drop 1 floor!
   241 | D:1      | Got Feran's Disquisition on Fire and Hexes
   357 | D:1      | Found a faded altar of an unknown god.
   405 | D:1      | Reached XP level 3. HP: 30/30 MP: 2/2
   407 | D:1      | Reached skill level 4 in Slings
   562 | D:1      | Prayed at the altar of an unknown god.
   562 | D:1      | Became a worshipper of Makhleb the Destroyer
   562 | D:1      | Reached * piety under Makhleb
   688 | D:2      | Reached skill level 1 in Armour
   969 | D:2      | Reached skill level 1 in Invocations
   981 | D:3      | Reached XP level 4. HP: 27/37 MP: 3/3
  1305 | D:2      | Identified the +2 helmet of Resonance {+Inv rF- rC+}
  1482 | D:2      | Found a runed translucent door.
  1483 | D:2      | Noticed Crazy Yiuf
  1495 | D:2      | HP: 1/21 [Crazy Yiuf (7)]
  1497 | D:2      | Slain by Crazy Yiuf

Illustrated notes

Levels and vault maps discovered:
D:1:      minmay_arrival_up_and_down, layout_rooms,
          dreamdust_ecumenical_altar_statues
D:2:      layout_basic, st_stairs_8, uniq_crazy_yiuf_cottage
D:3:      layout_loops_cross, zin_purify, uniq_ijyb

Skill      XL: |  1  2  3 |
---------------+----------+-----
Dodging        | 2 |  2.3
Slings         | 4 |  4.2
Armour         | 1 |  1.1
Invocations    | 1 |  1.5
Fighting       | |  2.8
Stealth        | |  1.1

Action                   |  1- 3 |  4- 6 || total
-------------------------+-------+-------++-------
Melee: Short sword       |     6 |       ||     6
       Punch             |     1 |       ||     1
       Dagger            |       |     4 ||     4
 Fire: Hunting sling     |    81 |    35 ||   116
 Abil: Evoke Invisibilit |       |     1 ||     1
  Use: Scroll            |     2 |       ||     2
Armor: Leather armour    |     2 |     1 ||     3
Dodge: Dodged            |    17 |     6 ||    23

Table legend: (Time is in decaauts)
 A = Elapsed time spent in this place.
 B = Non-inter-level travel time spent in this place.
 C = Inter-level travel time spent in this place.
 D = Time resting spent in this place.
 E = Time spent auto-exploring this place.
 F = Levels seen in this place.
 G = Mean time per level.
                   A        B        C        D        E       F      G
               +--------+--------+--------+--------+--------+-----+--------+
         Total |   1497 |   1428 |     69 |    336 |    808 |   3 |  499.0 |
       Dungeon |   1497 |   1428 |     69 |    336 |    808 |   3 |  499.0 |
               +--------+--------+--------+--------+--------+-----+--------+

Top non-repeatable levels by time:
     D:1: 583 daAuts
     D:2: 568 daAuts
     D:3: 345 daAuts
